 Dungeon Crawl Stone Soup version 0.20.1-1-g8b1a95d66d (webtiles) character file.

2742 NullDivider the Covert (level 9, -9/40 HPs)
             Began as a Felid Enchanter on Nov 16, 2017.
             Was a Believer of Dithmenos.
             Killed by the air
             ... invoked by Gastronok
              (28 damage)
             ... on level 8 of the Dungeon.
             The game lasted 01:16:06 (12094 turns).

NullDivider the Covert (Felid Enchanter)           Turns: 12094, Time: 01:16:06

Health: -9/40      AC:  2    Str:  6    XL:     9   Next: 41%
Magic:  10/17      EV: 24    Int: 20    God:    Dithmenos [**....]
Gold:   19         SH:  0    Dex: 16    Spells: 8/17 levels left
                                        Lives:  0   Deaths: 2

rFire    . . .     SeeInvis +     - Unarmed
rCold    . . .     Gourm    .   (shield unavailable)
rNeg     . . .     Faith    .   (armour unavailable)
rPois    .         Spirit   .   (helmet unavailable)
rElec    .         Reflect  .   (cloak unavailable)
rCorr    .         Harm     .   (gloves unavailable)
MR       +....                  (boots unavailable)
Stlth    ++++++....             (no amulet)
Regen    0.2/turn               n - +2 ring of strength
MPRegen  0.2/turn               (no ring)

@: slowed, wreathed by umbra, slow
A: no armour, no weapons or thrown items, stealth, claws 1, fangs 3, see
invisible, carnivore 3, speed 1, shaggy fur 2, slow metabolism 1, sharp paws
a: Shadow Step, Renounce Religion


You were on level 8 of the Dungeon.
You worshipped Dithmenos.
Dithmenos was pleased with you.
You were full.

You visited 2 branches of the dungeon, and saw 9 of its levels.

You collected 334 gold pieces.
You spent 315 gold pieces at shops.

Inventory:

Jewellery
 h - an uncursed ring of see invisible
 n - a +2 ring of strength (left paw)
 u - an uncursed amulet of guardian spirit
Wands
 z - a wand of acid (0/15)
Scrolls
 d - 7 scrolls of remove curse
 e - 9 scrolls of recharging
 f - 5 scrolls of teleportation
 i - 2 scrolls of magic mapping {unknown}
 o - 2 scrolls of amnesia {unknown}
 r - 2 scrolls of fog {unknown}
 s - 7 scrolls of identify
 t - 2 scrolls of enchant weapon {unknown}
 w - a scroll of fear {unknown}
 y - 2 scrolls of blinking {unknown}
 E - a scroll of immolation {unknown}
 F - a scroll of vulnerability {unknown}
Potions
 c - 2 potions of mutation {unknown}
 g - 2 potions of curing
 j - 4 potions of agility
 k - a potion of magic {unknown}
 m - a potion of might {unknown}
 p - 2 potions of flight {unknown}
 v - 3 potions of brilliance
 x - a potion of lignification {unknown}
 A - a potion of invisibility {unknown}
 B - 2 potions of haste {unknown}
Books
 a - a book of Maledictions

   Spells                             Type                      Level
   a - Corona                         Hexes                        1
   b - Ensorcelled Hibernation        Hexes/Ice                    2
   c - Confuse                        Hexes                        3
   d - Tukima's Dance                 Hexes                        3
   e - Dazzling Spray                 Conjuration/Hexes            3
 q - a book of Cantrips

   Spells                             Type                      Level
   a - Confusing Touch                Hexes                        1
   b - Animate Skeleton               Necromancy                   1
   c - Summon Small Mammal            Summoning                    1
   d - Apportation                    Translocation                1
 D - a book of Changes

   Spells                             Type                      Level
   a - Beastly Appendage              Transmutation                1
   b - Sticks to Snakes               Transmutation                2
   c - Spider Form                    Transmutation/Poison         3
   d - Ice Form                       Ice/Transmutation            4
   e - Blade Hands                    Transmutation                5
Comestibles
 b - 4 meat rations
 C - a royal jelly


   Skills:
 * Level 5.4 Fighting
 + Level 8.3 Dodging
 * Level 10.8 Stealth
 + Level 4.8 Unarmed Combat
 + Level 4.8 Spellcasting
 - Level 8.0 Hexes
 + Level 4.8 Evocations


You had 8 spell levels left.
You knew the following spells:

 Your Spells              Type           Power        Failure   Level  Hunger
a - Corona                Hex            #####..      1%          1    None
b - Ensorcelled Hibernat  Hex/Ice        ###...       3%          2    #......
c - Confuse               Hex            #####...     1%          3    ##.....
d - Tukima's Dance        Hex            #####...     1%          3    ##.....


Dungeon Overview and Level Annotations

Branches:
Dungeon (8/15)             Temple (1/1) D:4
   Lair: D:8-11

Altars:
Ashenzari
Dithmenos
Elyvilon
Fedhas
Gozag
Hepliaklqana
Kikubaaqudgha
Makhleb
Nemelex Xobeh
Okawaru
Ru
Sif Muna
Trog
Uskayaw
Vehumet
Zin
The Shining One

Shops:
D:8 ?

Annotations:
D:2 Terence
D:8 Gastronok


Innate Abilities, Weirdness & Mutations

You cannot wear armour.
You are incapable of wielding weapons or throwing items.
Your paws allow you to move quietly. (Stealth)
You have sharp claws.
You have razor-sharp teeth.
You have supernaturally acute eyesight. (SInv)
You are carnivorous and can eat meat at any time.
You cover ground quickly.
You are covered in thick fur. (AC +2)
You have a slow metabolism.
Your sharp claws are effective at attacking unaware monsters.


Message History

Confirm with . or Enter, or press ? or * to list all spells.
Aiming: Ensorcelled Hibernation
Press: ? - help, Shift-Dir - straight line, f/p - orc wizard
Aim: an orc wizard, wielding a dagger, wearing a robe and carrying a wand of polymorph (?/24) {zapped: 1} (heavily wounded, umbra, chance to defeat MR: 50%)
The orc wizard resists with some effort.
The orc wizard casts a spell.
The orc wizard flickers and vanishes for a moment.
Gastronok gurgles, "I'll eat you, I will!"
Gastronok waves his eye-stalks in wide circles.
The air twists around and strikes you!
Casting: Ensorcelled Hibernation
Confirm with . or Enter, or press ? or * to list all spells.
Aiming: Confuse
Press: ? - help, Shift-Dir - straight line, f/p - orc wizard
Aim: an orc wizard, wielding a dagger, wearing a robe and carrying a wand of polymorph (?/24) {zapped: 1} (heavily wounded, slightly transparent, umbra, chance to defeat MR: 64%)
The orc wizard appears confused.
Gastronok waves his eye-stalks in wide circles.
The air twists around and strikes you!
Ouch! That really hurt!
You die...

.. ......w.# ..... .........'
#..... # '. .........#
#.....###### ###...........#
#..........# ..............#
#..........# .................#
..........# .................##
..........#
......##'####...@.#########......
......#.....#....o#.......'......
......#.....'.....'.......#......
......P.....#.....#.......#......
.....P...P..#.....######'##.....#
............#.....#.......#.....#
....P..#.P.P#..?..#.......#.....#
....P.###P........#.......#.....#
...P..(....P......#.......#.....#


You could see Gastronok and an orc wizard (confused).

Vanquished Creatures
  Pikel (D:8)
  The ghost of Sludgepup the Nimble, a novice FeFi (D:8)
  Prince Ribbit (D:6)
  Eustachio (D:6)
  2 hungry ghosts
  A black bear (D:7)
  An ice beast (D:6)
  An ogre (D:6)
  2 centaurs
  3 bullfrogs
  A scorpion (D:4)
  4 wights (D:6)
  A centaur zombie (D:8)
  A crimson imp (D:6)
  2 orc priests
  8 hounds
  A gnoll shaman (D:6)
  2 centaur skeletons (D:6)
  Crazy Yiuf (D:3)
  3 iguanas
  6 orc wizards
  3 worker ants
  A hound zombie (D:5)
  A worker ant zombie (D:5)
  17 gnolls
  6 adders
  A shadow imp (D:4)
  An adder skeleton (D:5)
  2 worms
  4 dart slugs (D:1)
  2 leopard geckos
  17 orcs
  9 bats
  5 giant cockroaches
  11 goblins
  4 hobgoblins
  3 quokkas
  8 frilled lizards
  5 kobolds
  8 rats
  3 fungi (D:3)
155 creatures vanquished.

Vanquished Creatures (collateral kills)
  A wight (D:6)
  A gnoll (D:5)
2 creatures vanquished.

Vanquished Creatures (others)
  A two-headed ogre (D:8)
  4 dancing weapons
  A slave (D:8)
6 creatures vanquished.

Grand Total: 163 creatures vanquished

Notes
Turn   | Place    | Note
-------+----------+-------------------------------------------
     0 | D:1      | NullDivider the Felid Enchanter began the quest for the Orb.
     0 | D:1      | Reached XP level 1. HP: 7/7 MP: 4/4
    86 | D:1      | Reached XP level 2. HP: 10/11 MP: 1/6
   378 | D:1      | Learned a level 2 spell: Ensorcelled Hibernation
  1343 | D:1      | Reached XP level 3. HP: 14/14 MP: 7/7
  2185 | D:2      | Reached skill level 5 in Hexes
  2198 | D:2      | Reached XP level 4. HP: 17/18 MP: 2/8
  2513 | D:2      | Noticed Terence
  2529 | D:2      | Learned a level 3 spell: Confuse
  2998 | D:3      | Found an opulent altar of Gozag.
  3129 | D:3      | Reached skill level 5 in Stealth
  4043 | D:3      | Found a runed door.
  4047 | D:3      | Noticed Crazy Yiuf
  4058 | D:3      | Killed Crazy Yiuf
  4058 | D:3      | Reached XP level 5. HP: 21/21 MP: 2/9
  4128 | D:3      | Learned a level 3 spell: Tukima's Dance
  4504 | D:4      | Reached skill level 1 in Evocations
  4737 | D:4      | HP: 1/21 [hound (2)]
  4741 | D:4      | Found a staircase to the Ecumenical Temple.
  4749 | D:4      | Slain by a hound
  4750 | D:4      | Reached XP level 4. HP: -1/18 MP: 6/9
  4776 | D:4      | Reached XP level 5. HP: 21/21 MP: 5/10
  4795 | D:4      | Reached skill level 6 in Stealth
  5065 | Temple   | Entered the Ecumenical Temple
  5145 | Temple   | Became a worshipper of Dithmenos the Shadowed
  5568 | D:4      | Found a sparkling altar of Nemelex Xobeh.
  5680 | D:4      | Gained mutation: You are covered in thick fur. (AC +2) [Felid growth]
  5680 | D:4      | Reached XP level 6. HP: 19/24 MP: 2/11
  5827 | D:4      | Reached skill level 5 in Dodging
  6399 | D:5      | Entered Level 5 of the Dungeon
  6613 | D:5      | Noticed a sky beast
  7171 | D:5      | Reached * piety under Dithmenos
  7338 | D:6      | Reached skill level 7 in Stealth
  7338 | D:6      | Reached XP level 7. HP: 27/27 MP: 12/12
  7600 | D:6      | Noticed Eustachio
  7606 | D:6      | Killed Eustachio
  8099 | D:6      | Noticed Prince Ribbit
  8353 | D:6      | Reached skill level 1 in Fighting
  8512 | D:5      | Reached skill level 8 in Stealth
  8512 | D:5      | Reached XP level 8. HP: 32/32 MP: 14/14
  9149 | D:6      | Killed Prince Ribbit
  9555 | D:7      | Reached skill level 9 in Stealth
 10132 | D:7      | Reached ** piety under Dithmenos
 10138 | D:7      | Reached XP level 9. HP: 38/38 MP: 11/16
 10755 | D:7      | Found an opulent altar of Gozag.
 11209 | D:8      | Noticed Gastronok
 11217 | D:8      | Mangled by Gastronok
 11218 | D:8      | Reached XP level 8. HP: -6/36 MP: 12/15
 11292 | D:8      | Found Bohao's Magic Scroll Emporium.
 11296 | D:8      | Bought a scroll of recharging for 133 gold pieces
 11296 | D:8      | Bought a scroll of random uselessness for 14 gold pieces
 11296 | D:8      | Bought a scroll of identify for 28 gold pieces
 11296 | D:8      | Bought 3 scrolls of identify for 84 gold pieces
 11296 | D:8      | Bought a scroll of identify for 28 gold pieces
 11296 | D:8      | Bought a scroll of identify for 28 gold pieces
 11326 | D:8      | Noticed Pikel
 11336 | D:8      | Killed Pikel
 11336 | D:8      | Reached skill level 10 in Stealth
 11453 | D:8      | Noticed a two-headed ogre
 11471 | D:8      | Killed a two-headed ogre
 11471 | D:8      | Reached skill level 5 in Fighting
 11471 | D:8      | Reached XP level 9. HP: 40/40 MP: 2/17
 11789 | D:8      | Found a sparkling altar of Nemelex Xobeh.
 11888 | D:8      | Found an ancient bone altar of Kikubaaqudgha.
 11900 | D:8      | Noticed Sludgepup's ghost (novice FeFi)
 11910 | D:8      | Killed Sludgepup's ghost
 12094 | D:8      | Killed from afar by Gastronok

Skill      XL: |  1  2  3  4  5  6  7  8  9 |
---------------+----------------------------+-----
Dodging        | 3 4 5 6 8 |  8.3
Hexes          | 5 6 7 8 |  8.0
Stealth        | 5 6 7 8 10 | 10.8
Unarmed Combat | 2 3 4 |  4.8
Evocations     | 2 3 4 |  4.8
Spellcasting   | 3 4 |  4.8
Fighting       | 1 5 |  5.4

Action                   |  1- 3 |  4- 6 |  7- 9 || total
-------------------------+-------+-------+-------++-------
Melee: Unarmed           |    80 |   210 |   199 ||   489
       Bite              |     4 |    19 |    21 ||    44
       Punch             |     2 |     2 |     7 ||    11
 Cast: Corona            |    18 |     7 |     2 ||    27
       Ensorcelled Hiber |    14 |    63 |    49 ||   126
       Confuse           |       |    11 |    40 ||    51
       Tukima's Dance    |       |     2 |    17 ||    19
Invok: Shadow Step       |       |       |     1 ||     1
Evoke: Wand              |       |       |     4 ||     4
  Use: Scroll            |       |     2 |     4 ||     6
       Potion            |       |     2 |     1 ||     3
 Stab: Sleeping          |    23 |    49 |    31 ||   103
       Confused          |       |     6 |    20 ||    26
       Distracted        |       |     2 |     1 ||     3
  Eat: Chunk             |    11 |    20 |    19 ||    50
Armor: Skin              |     7 |     2 |     5 ||    14
Dodge: Dodged            |    60 |   132 |   147 ||   339
